 Dungeon Crawl Stone Soup version 0.27.1-33-g824d729ab1 (webtiles) character file.

Game seed: 10038959123475549700

51 MisterFreud the Ducker (level 3, -8/17 HPs)
             Began as a Felid Berserker on Dec 20, 2021.
             Was a Follower of Trog.
             Mangled by a gnoll (12 damage)
             ... on level 2 of the Dungeon.
             The game lasted 00:01:27 (1923 turns).

MisterFreud the Ducker (Felid Berserker)            Turns: 1923, Time: 00:01:28

Health: -8/17      AC:  1    Str: 13    XL:     3   Next: 58%
Magic:  4/4        EV: 18    Int:  8    God:    Trog [*.....]
Gold:   74         SH:  0    Dex: 16    Spells: 2/2 levels left
                                        Lives:  0   Deaths: 0

rFire    . . .     SeeInvis +     - Unarmed
rCold    . . .     Faith    +   (shield unavailable)
rNeg     . . .     Spirit   .   (armour unavailable)
rPois    .         Reflect  .   (helmet unavailable)
rElec    .         Harm     .   (cloak unavailable)
rCorr    .         Rampage  .   (gloves unavailable)
Will     .....                  (boots unavailable)
Stlth    ++........             d - amulet of faith
HPRegen  0.05/turn              (no ring)
MPRegen  0.09/turn              (no ring)

@: on berserk cooldown, slowed, slow
A: very small, claws 1, fangs 3, see invisible, speed 1, shaggy fur 1, stealthy
paws, no weapons or thrown items, no armour, multi-lived
a: Renounce Religion, Berserk


You were on level 2 of the Dungeon.
You worshipped Trog.
Trog was aware of your devotion.
You visited 1 branch of the dungeon, and saw 2 of its levels.

You collected 74 gold pieces.

Inventory:

Jewellery
 d - an amulet of faith (around neck)
Scrolls
 b - a scroll of identify {unknown}
 c - a scroll of blinking {unknown}
Potions
 a - a potion of mutation {unknown}


   Skills:
 - Level 3.0 Fighting
 - Level 4.0 Dodging
 + Level 3.3 Stealth
 + Level 3.9 Unarmed Combat


You had 2 spell levels left.
You didn't know any spells.
Your spell library was empty.

Dungeon Overview and Level Annotations

Branches:
Dungeon (2/15)

Altars:


Innate Abilities, Weirdness & Mutations

You have sharp claws.
You have razor-sharp teeth.
You have supernaturally acute eyesight. (SInv)
You cover ground quickly. (Speed+)
You are covered in fur. (AC +1)
Your paws help you pounce on unaware monsters.
You are incapable of wielding weapons or throwing items.
You cannot wear armour.
You gain extra lives every three experience levels.


Message History

A gnoll is nearby!
A gnoll comes into view. It is wielding a +0 spear.
You scratch the gnoll.
The gnoll is moderately wounded.
The gnoll barely misses you.
You claw the gnoll!
The gnoll is almost dead.
The gnoll hits you with a +0 flail!
You scratch the gnoll.
You kill the gnoll!
Trog accepts your kill.
Your Stealth skill increases to level 3!
A gnoll comes into view. It is wielding a +0 spear.
You see here a +0 flail.
The gnoll shouts!
You hear a shout! x2
You start resting.
A gnoll is nearby!
The gnoll hits you from afar with a +0 spear!
* * * LOW HITPOINT WARNING * * *
A red film seems to cover your vision as you go berserk!
You feel yourself moving faster!
You feel mighty! The gnoll misses you.
You scratch the gnoll.
The gnoll is moderately wounded.
The gnoll barely misses you.
You claw the gnoll!
You kill the gnoll!
Trog accepts your kill.
A gnoll comes into view. It is wielding a +0 flail.
The gnoll shouts!
Things that are here:
a +0 spear; a gnoll corpse You feel a strong urge to attack something.
You feel your anger nearly subside.
You are no longer berserk.
You are exhausted.
You feel yourself slow down. The gnoll barely misses you.
The gnoll hits you with a +0 flail!
Ouch! That really hurt!
You die...

##.######.#####.# #.#
### #.# #.# #.# ##+#
#.# ##...## #.#
##.....## ######.##
##.......## #.......##
#.........###........#
+.........@g......#..#
#.........###.....#..#
#.......## #........#
##.....## #.##.###.#
##...## #.##.###.#
##'## #........# #####
#)# ####.##### ##...##
#.# #.# ##.###.####.##
#.#


You could see a gnoll.

Vanquished Creatures
  2 gnolls (D:2)
  A worm (D:2)
  4 ball pythons
  5 endoplasms (D:1)
  4 goblins
  5 bats (D:1)
  2 frilled lizards (D:1)
  4 kobolds (D:1)
  2 rats (D:1)
29 creatures vanquished.

Notes
Turn   | Place    | Note
-------+----------+-------------------------------------------
     0 | D:1      | MisterFreud the Felid Berserker began the quest for the
                  | Orb.
     0 | D:1      | Reached XP level 1. HP: 10/10 MP: 2/2
   222 | D:1      | Reached skill level 1 in Stealth
   568 | D:1      | Reached XP level 2. HP: 14/14 MP: 3/3
  1703 | D:2      | Reached XP level 3. HP: 17/17 MP: 4/4
  1923 | D:2      | Mangled by a gnoll

Illustrated notes

Levels and vault maps discovered:
D:1:      dpeg_arrival_erosion, layout_basic, minmay_curled_crystal,
          chequers_jeans
D:2:      layout_loops_corners, serial_shops, shop, basic_altar

Skill      XL: |  1  2  3 |
---------------+----------+-----
Stealth        | 1 2 3 |  3.3
Fighting       | |  3.0
Dodging        | |  4.0
Unarmed Combat | |  3.9

Action                   || total
-------------------------++-------
Melee: Unarmed           ||    68
       Bite              ||     6
Invok: Berserk           ||     3
 Stab: Sleeping          ||     4
Armor: Skin              ||     1
Dodge: Dodged            ||    55
